 Dungeon Crawl Stone Soup version 0.21.1-1-g345015fe64 (webtiles) character file.

66 PitPossum the Ducker (level 3, 0/36 HPs)
             Began as a Troll Fighter on June 4, 2018.
             Slain by a phantom (5 damage)
             ... on level 2 of the Dungeon.
             The game lasted 00:23:11 (2395 turns).

PitPossum the Ducker (Troll Fighter)                Turns: 2395, Time: 00:23:12

Health: 0/36       AC:  5    Str: 25    XL:     3   Next: 96%
Magic:  2/2        EV:  8    Int:  4    God:
Gold:   55         SH:  9    Dex:  9    Spells: 2/2 levels left

rFire    . . .     SeeInvis .   a - +0 flail
rCold    . . .     Gourm    +   c - +0 shield
rNeg     . . .     Faith    .   b - +0 robe
rPois    .         Spirit   .   (helmet restricted)
rElec    .         Reflect  .   (no cloak)
rCorr    .         Harm     .   (gloves unavailable)
MR       .....                  (boots unavailable)
Stlth    +.........             (no amulet)
HPRegen  0.52/turn              (no ring)
MPRegen  0.08/turn              (no ring)

@: no status effects
A: large, unfitting armour, claws 3, fast metabolism 3, gourmand, regeneration
1, shaggy fur 1, tough skin 2
a: no special abilities


You were on level 2 of the Dungeon.
You were not hungry.

You visited 1 branch of the dungeon, and saw 3 of its levels.

You collected 55 gold pieces.

Inventory:

Hand Weapons
 a - a +0 flail (weapon)
 e - a +0 club
 j - a +0 club
 k - a +0 dagger
 m - a +0 club
 p - a +0 club
 t - a +0 short sword
 v - a +0 club
 y - a +0 hunting sling
 F - a +0 club
 H - a +0 dagger
 K - a +0 club
 M - a +0 mace
 O - a +0 club
Missiles
 f - 8 tomahawks
 u - 25 stones (quivered)
 C - 5 large rocks
 D - 15 bolts
 J - 23 arrows
Armour
 b - a +0 robe (worn)
 c - a +0 shield (worn)
 g - a +0 robe
 o - a +0 chain mail
 B - a +0 helmet
 I - a cursed +0 leather armour
 P - a +0 pair of gloves
 Q - a +0 robe
 R - a +0 scale mail
Jewellery
 G - an uncursed ring of wizardry {unknown}
Scrolls
 h - a scroll of noise {unknown}
 i - 4 scrolls of teleportation {unknown}
 l - 2 scrolls of fear {unknown}
 n - 5 scrolls of identify {unknown}
 q - a scroll of magic mapping {unknown}
 s - a scroll of random uselessness {unknown}
 w - 2 scrolls of enchant armour {unknown}
 z - a scroll of amnesia {unknown}
 E - a scroll of remove curse {unknown}
 N - a scroll of immolation {unknown}
Potions
 d - a potion of might
 r - a potion of haste {unknown}
 x - a potion of degeneration {unknown}
 A - a potion of heal wounds {unknown}
 L - a potion of flight {unknown}
 S - a potion of curing {unknown}


   Skills:
 * Level 2.8 Fighting
 * Level 2.6 Maces & Flails
 * Level 2.9 Dodging
 * Level 2.7 Shields


You had 2 spell levels left.
You didn't know any spells.

Dungeon Overview and Level Annotations

Branches:
Dungeon (3/15)

Altars:

Annotations:
D:3 Dommiel19's ghost, amateur HOMo


Innate Abilities, Weirdness & Mutations

You are too large for most types of armour.
You have claws for hands.
Your metabolism is lightning-fast.
You like to eat raw meat.
Your natural rate of healing is unusually fast.
You are covered in fur. (AC +1)
You have very tough skin. (AC +2)


Message History

You completely miss Dommiel19's ghost. Dommiel19's ghost hits you.
Dommiel19's ghost barely misses you.
You barely miss Dommiel19's ghost. Dommiel19's ghost hits you.
You block Dommiel19's ghost's attack.
You see here a dark potion.
S - a dark potion You block Dommiel19's ghost's attack.
A hobgoblin comes into view. It is wielding a club.
The hobgoblin shouts!
You hear an angry hiss.
Dommiel19's ghost whispers, "Everlasting silence awaits you..."
You block Dommiel19's ghost's attack. Dommiel19's ghost hits you.
You block Dommiel19's ghost's attack. Dommiel19's ghost hits you.
There is a stone staircase leading up here.
You can't go down here!
Dommiel19's ghost hits you!
* * * LOW HITPOINT WARNING * * *
You climb upwards.
You block the phantom's attack. The phantom hits you.
You die...

##### #...# ####.#.# #......#
#......# ###### #......# #.....
#......##############.###.
####....................#.
###.#.@................
#.#W.....#.#####.#.#.
#.##.###.#.# #.#..>
#....###.#.. ..#...
##.......#### ####.##
###########.#.##### #..
#.............#...############
#.#########.#...............ยง.
#.# #.#...#.############


You could see a phantom.

Vanquished Creatures
  An adder (D:2)
  An ooze (D:1)
  A worm (D:2)
  3 dart slugs
  A leopard gecko (D:1)
  7 bats
  2 giant cockroaches
  3 goblins
  7 hobgoblins
  4 kobolds
  3 frilled lizards
  10 rats
  A bush (D:1)
  3 plants (D:1)
47 creatures vanquished.

Notes
Turn   | Place    | Note
-------+----------+-------------------------------------------
     0 | D:1      | PitPossum the Troll Fighter began the quest for the Orb.
     0 | D:1      | Reached XP level 1. HP: 22/22 MP: 0/0
   313 | D:2      | Reached XP level 2. HP: 20/29 MP: 1/1
   319 | D:2      | Noticed a phantom
   889 | D:1      | Reached XP level 3. HP: 33/36 MP: 2/2
  2373 | D:3      | Noticed Dommiel19's ghost (amateur HOMo)
  2395 | D:2      | Slain by a phantom

Skill      XL: |  1 |
---------------+----+-----
Maces & Flails | 2 |  2.6
Fighting       | |  2.8
Dodging        | |  2.9
Shields        | |  2.7

Action                   || total
-------------------------++-------
Melee: Flail             ||   286
 Stab: Sleeping          ||     1
  Eat: Ration            ||     6
Armor: Robe              ||   248
Dodge: Dodged            ||   227
Block: Shield            ||   337
